[Event "Titled Tuesday Blitz April 18 Early 2023"]
[White "Wahedi, Ahmad Siar"]
[Black "Vanek, Tomas"]
[WhiteFideId "4651260"]
[BlackFideId "313459"]
[WhiteElo "2251"]
[BlackElo "2052"]
[Result "0-1"]
[Round "03"]
[TimeControl "180+2"]
[Date "2023.04.18"]
[WhiteClock "0:02:33"]
[BlackClock "0:02:25"]

1. e4 c5 2. Nf3 Nc6 3. a3 g6 4. h4 h5 5. Bc4 Bg7 6. d3 e6 7. Ba2 d5 8. exd5 exd5 9. Nc3 Be6 10. Ng5 Nf6 11. O-O O-O 12. Nxe6 fxe6 13. Re1 Nd4 14. Bg5 Qd6 15. Ne2 Ng4 16. Nxd4 Qh2+ 17. Kf1 Rxf2# 0-1


[Site "https://www.chess.com"]

[Event "Titled Tuesday Blitz April 18 Early 2023"]
[White "Sandholm, Klas"]
[Black "Urbina Perez, Juan Antonio"]
[WhiteFideId "510203"]
[BlackFideId "2217368"]
[WhiteElo "2134"]
[BlackElo "2197"]
[Result "0-1"]
[Round "03"]
[TimeControl "180+2"]
[Date "2023.04.18"]
[WhiteClock "0:00:28"]
[BlackClock "0:00:27"]

1. d4 d5 2. c4 c6 3. Nf3 Nf6 4. Nc3 a6 5. cxd5 cxd5 6. Bf4 Nc6 7. e3 Bg4 8. Be2 e6 9. h3 Bxf3 10. Bxf3 Bd6 11. Bxd6 Qxd6 12. O-O O-O 13. Rc1 Rac8 14. Na4 Nd7 15. Qd2 g6 16. Nc5 Nxc5 17. Rxc5 Rfd8 18. Rfc1 Ne7 19. R1c3 b6 20. Rxc8 Rxc8 21. Qc1 Rxc3 22. Qxc3 Qc6 23. Qxc6 Nxc6 24. Be2 b5 25. Kf1 Kf8 26. Ke1 Ke7 27. Kd2 Kd6 28. Kc3 Kc7 29. h4 h6 30. g4 g5 31. hxg5 hxg5 32. Bd3 Kb6 33. Bh7 Ne7 34. Kb3 a5 35. Kc3 b4+ 36. Kc2 f5 37. f3 Kb5 38. Kd3 a4 39. gxf5 exf5 40. e4 dxe4+ 41. fxe4 f4 42. e5 g4 43. Be4 f3 44. Ke3 Kc4 45. Bd3+ Kd5 46. Be4+ Ke6 47. Bc2 Nd5+ 48. Kf2 Nf4 49. Bxa4 Kd5 50. Bd7 Nd3+ 51. Ke3 f2 52. Ke2 g3 53. Bh3 Nf4+ 0-1


[Site "https://www.chess.com"]

[Event "Titled Tuesday Blitz April 18 Early 2023"]
[White "Jaivardhan Raj"]
[Black "Yanayt, Eugene"]
[WhiteFideId "25744437"]
[BlackFideId "2020165"]
[WhiteElo "1772"]
[BlackElo "2083"]
[Result "1-0"]
[Round "03"]
[TimeControl "180+2"]
[Date "2023.04.18"]
[WhiteClock "0:02:12"]
[BlackClock "0:01:57"]

1. e4 c5 2. Nf3 d6 3. d4 cxd4 4. Qxd4 a6 5. c4 Nc6 6. Qe3 g6 7. Nc3 Bg7 8. h3 Nf6 9. Be2 Nd7 10. O-O Qb6 11. Qd2 Nde5 12. Nxe5 Nxe5 13. Nd5 Qc6 14. Qa5 O-O 15. Nxe7+ Kh8 16. Nxc6 Nxc6 17. Qd2 Rd8 18. Rb1 Be6 19. b3 f5 20. Bb2 fxe4 21. Bxg7+ Kxg7 22. Qc3+ Ne5 23. Qd4 Rac8 24. Qxe4 Bf5 25. Qxb7+ Kh8 26. Rbd1 Nc6 27. Qxa6 Nb4 28. Qa3 Rb8 29. Qb2+ Kg8 30. c5 d5 31. a3 Nc6 32. b4 Re8 33. Rxd5 Be4 34. Bc4 Na5 35. Rd7+ Nxc4 36. Qg7# 1-0


[Site "https://www.chess.com"]

[Event "Titled Tuesday Blitz April 18 Early 2023"]
[White "Begunov, Konstantin"]
[Black "Necula, Iulian"]
[WhiteFideId "4118510"]
[BlackFideId "1232380"]
[WhiteElo "2087"]
[BlackElo "1790"]
[Result "1/2-1/2"]
[Round "03"]
[TimeControl "180+2"]
[Date "2023.04.18"]
[WhiteClock "0:00:24"]
[BlackClock "0:00:22"]

1. d4 d6 2. c4 f5 3. Nc3 Nf6 4. Bg5 Nbd7 5. Qc2 e6 6. e4 h6 7. Bxf6 Qxf6 8. exf5 exf5 9. Nd5 Qd8 10. Qxf5 Ne5 11. Qe4 c6 12. Nc3 Be7 13. dxe5 O-O 14. e6 Bg5 15. Bd3 Rf6 16. Qh7+ Kf8 17. Qh8+ Ke7 18. Qxg7+ Kxe6 19. Nf3 Qe7 20. Nxg5+ hxg5 21. Qxe7+ Kxe7 22. Ne4 Re6 23. O-O g4 24. Ng3 Kf6 25. Rfe1 Rxe1+ 26. Rxe1 Bd7 27. Re3 Rg8 28. f3 gxf3 29. Rxf3+ Ke7 30. Bf5 Be8 31. Re3+ Kd8 32. Re6 Kc7 33. Rh6 Rf8 34. Rh7+ Kb6 35. b3 Kc5 36. h4 b5 37. cxb5 cxb5 38. h5 a5 39. h6 Bf7 40. Rg7 Bg8 41. h7 Bxh7 42. Rxh7 a4 43. Rc7+ Kb4 44. Rc3 Kxc3 45. bxa4 bxa4 46. Be6 Kd4 47. Bd7 a3 48. Be6 d5 49. Nf5+ Ke5 50. Bd7 Rxf5 51. Bxf5 Kxf5 52. Kf2 Ke4 53. Ke2 d4 54. Kd2 Kf4 55. Kd3 Kg3 56. Kxd4 Kxg2 57. Kc3 Kf3 58. Kb3 Ke4 59. Kxa3 Kd5 60. Kb4 Kc6 61. Ka5 Kb7 62. Kb5 Ka8 63. a4 Ka7 64. a5 Ka8 65. Kb6 Kb8 66. Ka6 Ka8 67. Kb6 Kb8 68. Ka6 Ka8 69. Kb6 1/2-1/2


[Site "https://www.chess.com"]

[Event "Titled Tuesday Blitz April 18 Early 2023"]
[White "Real_taiatai"]
[Black "Delorme, Alban"]
[BlackFideId "623636"]
[WhiteElo "2369"]
[BlackElo "2196"]
[Result "0-1"]
[Round "03"]
[TimeControl "180+2"]
[Date "2023.04.18"]
[WhiteClock "0:02:20"]
[BlackClock "0:02:14"]

1. d4 Nf6 2. Bf4 g6 3. Nc3 Bg7 4. e4 d6 5. Qd3 O-O 6. Nf3 c5 7. d5 Qa5 8. O-O-O a6 9. e5 Nh5 10. Bd2 b5 11. h3 b4 12. g4 bxc3 13. Bxc3 Qxa2 14. gxh5 Bh6+ 15. Bd2 Qa1# 0-1


[Site "https://www.chess.com"]

[Event "Titled Tuesday Blitz April 18 Early 2023"]
[White "Baskakov, Egor"]
[Black "Marcziter, Dmitrii"]
[WhiteFideId "24197866"]
[BlackFideId "13900765"]
[WhiteElo "2212"]
[BlackElo "2162"]
[Result "1/2-1/2"]
[Round "03"]
[TimeControl "180+2"]
[Date "2023.04.18"]
[WhiteClock "0:00:09"]
[BlackClock "0:00:17"]

1. e4 c5 2. Nf3 a6 3. c4 e6 4. Nc3 Qc7 5. d4 cxd4 6. Nxd4 Nf6 7. Be2 Bb4 8. Qd3 d6 9. O-O Nbd7 10. Be3 Bxc3 11. Qxc3 Nxe4 12. Qd3 Ndf6 13. Rac1 O-O 14. Rfd1 Rd8 15. b4 d5 16. cxd5 Qe5 17. f3 Nd6 18. dxe6 Bxe6 19. Nxe6 Qxe6 20. Bb6 Rd7 21. Qe3 Qxa2 22. Bf1 Re8 23. Qf2 Qb3 24. Bc5 Nf5 25. Re1 Red8 26. Bc4 Qa4 27. Bb6 Re8 28. Rxe8+ Nxe8 29. Re1 Rd1 30. Bf1 Rxe1 31. Qxe1 Qd7 32. Qe5 h6 33. Bc4 Ned6 34. Bd3 Qc6 35. Bc5 g6 36. g4 Qxf3 37. gxf5 Qxd3 38. Qxd6 Qxf5 39. Qd8+ Kh7 40. Bd4 Qg4+ 41. Kf2 Qf4+ 42. Ke2 Qxh2+ 43. Kd3 Qh3+ 44. Kc2 Qf5+ 45. Kb2 g5 46. Qe7 Kg6 47. Qxb7 Qe6 48. Qf3 f5 49. Bc3 g4 50. Qf4 Qe2+ 51. Kb3 Qe6+ 52. Ka3 h5 53. Bd2 Kf7 54. Qg5 Qg6 55. Qd8 Qe6 56. Qc7+ Kg6 57. Qf4 Kf7 58. Qg5 Qg6 59. Qh4 f4 60. Bxf4 Qd3+ 61. Ka4 Qb5+ 62. Kb3 Qd3+ 63. Kb2 Qe2+ 64. Kb1 Qf1+ 65. Kc2 Qxf4 66. Qxh5+ Kf6 67. Qh8+ Ke6 68. Qc8+ Ke5 69. Qxa6 Qe4+ 70. Kd2 Qd4+ 71. Qd3 Qxb4+ 72. Ke2 Qe4+ 73. Qe3 Qxe3+ 74. Kxe3 Kf5 75. Ke2 Kf4 76. Kf2 g3+ 77. Kg2 Kg4 78. Kg1 Kf4 79. Kg2 Kg4 80. Kg1 Kf3 81. Kf1 g2+ 82. Kg1 Kg3 1/2-1/2


[Site "https://www.chess.com"]

[Event "Titled Tuesday Blitz April 18 Early 2023"]
[White "Ravi, Teja S."]
[Black "Perez Cruz, Adianet"]
[WhiteFideId "5017220"]
[BlackFideId "3510115"]
[WhiteElo "2433"]
[BlackElo "1983"]
[Result "1-0"]
[Round "03"]
[TimeControl "180+2"]
[Date "2023.04.18"]
[WhiteClock "0:01:10"]
[BlackClock "0:00:40"]

1. d4 d5 2. c4 e5 3. dxe5 d4 4. Nf3 Nc6 5. a3 a5 6. g3 Be6 7. Nbd2 Nge7 8. Bg2 Ng6 9. O-O Qd7 10. Ne4 Ngxe5 11. b3 Nxf3+ 12. Bxf3 Be7 13. Ng5 Bxg5 14. Bxg5 f6 15. Bf4 O-O 16. Qc2 Bf5 17. Qb2 Ne5 18. Bd5+ Kh8 19. Rad1 c6 20. Bg2 Rad8 21. Rfe1 c5 22. h4 Bh3 23. Bd5 b6 24. b4 axb4 25. axb4 Be6 26. Bxe6 Qxe6 27. Rc1 Rfe8 28. bxc5 bxc5 29. Qb5 Qe7 30. Rb1 h5 31. Qb7 Rd7 32. Qa6 Ng4 33. Qc6 Rdd8 34. Rb7 Qe4 35. Qxc5 Qxb7 36. Qxh5+ Nh6 37. Bxh6 gxh6 38. Qxh6+ Kg8 39. Qxf6 Qf7 40. Qg5+ Kf8 41. Rd1 Qxc4 42. Rd3 Rd7 43. Qh6+ Kg8 44. Qg6+ Rg7 45. Qxe8+ Kh7 46. Qe4+ Kg8 47. Rxd4 Qc1+ 48. Kg2 Qc7 49. h5 Qf7 50. Rd8+ 1-0


[Site "https://www.chess.com"]

[Event "Titled Tuesday Blitz April 18 Early 2023"]
[White "brm72"]
[Black "Yayloyan, Konstantin"]
[BlackFideId "13307088"]
[WhiteElo "2659"]
[BlackElo "2190"]
[Result "0-1"]
[Round "03"]
[TimeControl "180+2"]
[Date "2023.04.18"]
[WhiteClock "0:00:06"]
[BlackClock "0:01:11"]

1. d4 d6 2. Nf3 g6 3. c4 Bg7 4. Nc3 Bg4 5. e4 e5 6. Be3 Nc6 7. d5 Nce7 8. Be2 Nf6 9. Qd2 Nd7 10. Bh6 O-O 11. h3 Bxf3 12. gxf3 f5 13. Bxg7 Kxg7 14. h4 f4 15. O-O-O h5 16. Rdg1 Kh6 17. Rg5 Rf6 18. Rhg1 Nf8 19. Bf1 c5 20. dxc6 bxc6 21. c5 Rb8 22. cxd6 Rxd6 23. Qc2 Qa5 24. Bc4 Rd4 25. Bb3 Rbd8 26. Bf7 Qc5 27. Qb3 Rd2 28. a3 Qxf2 29. Kb1 Qb6 30. Qxb6 axb6 31. Rxe5 Nc8 32. Reg5 Ne7 33. Re5 R8d7 34. Be8 Rc7 35. Na4 Rd8 36. Bf7 Rb8 37. Rc1 c5 38. Rd1 Nc6 39. Red5 Nd4 40. Rd6 Rxf7 41. Nxb6 Nxf3 42. Nc4 Nd4 43. e5 f3 44. Rg1 f2 45. Rf1 Nfe6 46. Ne3 Rf3 47. Nd5 Rfb3 48. Kc1 Rxb2 49. Kd1 Rb1+ 50. Kd2 R8b2+ 51. Ke3 Rxf1 52. Ke4 Re1+ 53. Kd3 f1=Q+ 54. Kc3 Rb3+ 0-1


[Site "https://www.chess.com"]

[Event "Titled Tuesday Blitz April 18 Early 2023"]
[White "Ng, Gary"]
[Black "Averjanov, Alexey"]
[WhiteFideId "2604914"]
[BlackFideId "14109867"]
[WhiteElo "2319"]
[BlackElo "2610"]
[Result "0-1"]
[Round "03"]
[TimeControl "180+2"]
[Date "2023.04.18"]
[WhiteClock "0:00:02"]
[BlackClock "0:01:16"]

1. d4 d5 2. Bf4 Nf6 3. e3 e6 4. Nd2 c5 5. c3 Bd6 6. Bg3 Qc7 7. dxc5 Qxc5 8. Qc2 O-O 9. Bd3 Bxg3 10. hxg3 h6 11. Ngf3 Nc6 12. e4 dxe4 13. Nxe4 Nxe4 14. Bxe4 f5 15. Bxc6 bxc6 16. O-O e5 17. Rfe1 e4 18. Nd4 a5 19. g4 fxg4 20. Qxe4 Rf6 21. Qe8+ Kh7 22. Qe4+ Kh8 23. Qe8+ Rf8 24. Qxc6 Qa7 25. Re3 Qf7 26. f3 Rb8 27. b3 Bb7 28. Qc5 g3 29. Qxa5 Qf4 30. Rae1 Qh4 31. Qe5 Qh2+ 32. Kf1 Ba6+ 33. c4 Qh1+ 34. Ke2 Qxg2+ 35. Kd1 Qxa2 36. Nf5 Rbd8+ 37. Kc1 Rf6 38. Nxg7 Qa3+ 39. Kb1 Rd2 40. Qe8+ Kh7 0-1


[Site "https://www.chess.com"]

[Event "Titled Tuesday Blitz April 18 Early 2023"]
[White "Pesotskiy, Mikhail"]
[Black "Arias, Juan Cruz"]
[WhiteFideId "34164453"]
[BlackFideId "118540"]
[WhiteElo "2131"]
[BlackElo "2243"]
[Result "0-1"]
[Round "03"]
[TimeControl "180+2"]
[Date "2023.04.18"]
[WhiteClock "0:00:16"]
[BlackClock "0:01:52"]

1. d4 Nf6 2. c4 c5 3. d5 e5 4. Nc3 d6 5. e4 Be7 6. Bd3 Nbd7 7. Nge2 Nf8 8. Be3 Ng6 9. f3 h5 10. Qd2 h4 11. O-O-O Nh7 12. g3 Bg5 13. f4 Bh6 14. Rdf1 Bg4 15. h3 Bxe2 16. Nxe2 hxg3 17. Rhg1 exf4 18. Nxf4 Ne5 19. Rxg3 Qh4 20. Rfg1 O-O-O 21. Ne2 Bxe3 22. Qxe3 g6 23. Nf4 Nf8 24. Be2 Kb8 25. b3 Nfd7 26. Bg4 Nf6 27. Nd3 Rde8 28. Nxe5 Rxe5 29. Qf4 Nxe4 30. Re3 f5 31. Rxe4 fxe4 32. Qf7 e3 33. Qd7 Qe7 0-1


[Site "https://www.chess.com"]

[Event "Titled Tuesday Blitz April 18 Early 2023"]
[White "ibove"]
[Black "Ozates, Tuna"]
[BlackFideId "6354521"]
[WhiteElo "2317"]
[BlackElo "2151"]
[Result "0-1"]
[Round "03"]
[TimeControl "180+2"]
[Date "2023.04.18"]
[WhiteClock "0:00:14"]
[BlackClock "0:01:36"]

1. d4 f5 2. c4 Nf6 3. Nc3 e6 4. b3 Be7 5. Nf3 O-O 6. e3 d6 7. Bb2 Ne4 8. Bd3 Nxc3 9. Bxc3 b6 10. Qc2 Bb7 11. Rd1 Nd7 12. b4 Nf6 13. Ba1 Qe8 14. c5 Bxf3 15. gxf3 Qh5 16. Qe2 dxc5 17. dxc5 Nd5 18. a3 bxc5 19. b5 Rad8 20. Bc4 Bf6 21. Bxf6 gxf6 22. Rg1+ Kh8 23. Rg2 Nc3 24. Rxd8 Rxd8 25. Qc2 Rd1+ 0-1


[Site "https://www.chess.com"]

[Event "Titled Tuesday Blitz April 18 Early 2023"]
[White "Fiorito, Francisco"]
[Black "DeyanKostov"]
[WhiteFideId "180165"]
[WhiteElo "2341"]
[BlackElo "2313"]
[Result "0-1"]
[Round "03"]
[TimeControl "180+2"]
[Date "2023.04.18"]
[WhiteClock "0:00:06"]
[BlackClock "0:00:16"]

1. Nf3 d5 2. g3 Bg4 3. Bg2 Nd7 4. d4 e6 5. O-O c6 6. h3 Bh5 7. b3 Bd6 8. Bb2 Ne7 9. Nbd2 O-O 10. c4 f6 11. e4 Rc8 12. Re1 Kh8 13. Qc2 b5 14. a3 bxc4 15. bxc4 c5 16. exd5 exd5 17. dxc5 Bxc5 18. Rac1 Nb6 19. Red1 Qe8 20. Qd3 Bg6 21. Qf1 Qf7 22. cxd5 Nexd5 23. Nh4 Rfd8 24. Nxg6+ hxg6 25. Ne4 Be7 26. Qe2 Bf8 27. h4 Rxc1 28. Rxc1 Rc8 29. Rxc8 Nxc8 30. Qc4 Ncb6 31. Qb3 Qd7 32. Qd3 Qf5 33. Bd4 Kh7 34. Kh2 Be7 35. Bh3 Qh5 36. Bg2 Qh6 37. Nd2 Nc7 38. Bxb6 axb6 39. Be4 Ne6 40. Nf3 Nc5 41. Qe2 Nxe4 42. Qxe4 Bxa3 43. Kg2 Bc5 44. Qe8 Qc1 45. Qe2 Qc3 46. h5 gxh5 47. Qe4+ Kh6 48. Nh4 f5 49. Nxf5+ Kg5 50. f4+ Kf6 51. Nh4 Qd2+ 52. Kh3 Qd7+ 53. f5 Kf7 54. Qf4 Qd6 55. Qg5 Qf6 56. Qxh5+ Kg8 57. Qe2 Be7 58. Qc4+ Kh7 59. Qc8 b5 60. Ng6 Kh6 61. Qh8+ Kg5 62. g4 Qc3+ 63. Kg2 Qd2+ 64. Kf3 Qd3+ 65. Kf2 Bc5+ 66. Kg2 Qe2+ 67. Kg3 Bd6+ 68. Kh3 Qf3# 0-1


[Site "https://www.chess.com"]

[Event "Titled Tuesday Blitz April 18 Early 2023"]
[White "Novikova, Galina"]
[Black "Sousa, Andre Ventura"]
[WhiteFideId "4157095"]
[BlackFideId "1917617"]
[WhiteElo "1953"]
[BlackElo "2348"]
[Result "0-1"]
[Round "03"]
[TimeControl "180+2"]
[Date "2023.04.18"]
[WhiteClock "0:00:01"]
[BlackClock "0:00:17"]

1. e4 c6 2. d4 d5 3. e5 Bf5 4. Nc3 e6 5. g4 Bg6 6. Nge2 c5 7. h4 h5 8. Nf4 Bh7 9. g5 Nc6 10. Qxh5 Nxd4 11. Be3 Nxc2+ 12. Kd2 d4 13. Bb5+ Ke7 14. g6 Nxe3 15. gxh7 dxc3+ 16. Kxe3 Nh6 17. Rad1 Nf5+ 18. Kf3 Nd4+ 19. Kg2 Rxh7 20. Qxh7 Qb6 21. Bd3 cxb2 22. Qh5 Qc6+ 23. Kg3 Rd8 24. Rhe1 c4 25. Be4 Qc5 26. Qg5+ Ke8 27. Bxb7 c3 28. Be4 c2 29. Bxc2 Qxc2 30. Nd3 Nf5+ 31. Kg2 Rxd3 32. Rxd3 Qxd3 33. Re3 b1=Q 34. Rxd3 Qxd3 35. h5 Qd5+ 0-1


[Site "https://www.chess.com"]

[Event "Titled Tuesday Blitz April 18 Early 2023"]
[White "Novik, Maxim"]
[Black "Rosenberg, Evan S"]
[WhiteFideId "4102924"]
[BlackFideId "2019299"]
[WhiteElo "2287"]
[BlackElo "2303"]
[Result "1-0"]
[Round "03"]
[TimeControl "180+2"]
[Date "2023.04.18"]
[WhiteClock "0:01:17"]
[BlackClock "0:00:03"]

1. c4 e6 2. Nc3 d5 3. d4 c5 4. cxd5 cxd4 5. Qa4+ Bd7 6. Qxd4 exd5 7. Qxd5 Nf6 8. Qd1 Bc5 9. Nf3 O-O 10. e3 Qe7 11. Be2 Rd8 12. O-O Nc6 13. Bd2 Ne5 14. Nxe5 Qxe5 15. Bf3 h5 16. Qe2 Bg4 17. Rad1 Rd7 18. Bc1 Rad8 19. Rxd7 Rxd7 20. Rd1 Rxd1+ 21. Qxd1 a6 22. h3 Bxf3 23. Qxf3 Bd6 24. Bd2 Qh2+ 25. Kf1 Qh1+ 26. Ke2 b5 27. Ne4 Nxe4 28. Qxe4 Qa1 29. Qe8+ Kh7 30. Qxf7 Qxb2 31. Qxh5+ Kg8 32. Qd5+ 1-0


[Site "https://www.chess.com"]

[Event "Titled Tuesday Blitz April 18 Early 2023"]
[White "Seder, Mohammed"]
[Black "Cnejev, Vladimir-Alexandru"]
[WhiteFideId "11505567"]
[BlackFideId "1260898"]
[WhiteElo "1862"]
[BlackElo "2132"]
[Result "0-1"]
[Round "03"]
[TimeControl "180+2"]
[Date "2023.04.18"]
[WhiteClock "0:00:05"]
[BlackClock "0:00:16"]

1. e4 g6 2. d4 Nf6 3. e5 Nh5 4. f4 d6 5. Nf3 Bg4 6. Bc4 d5 7. Bb5+ c6 8. Be2 e6 9. O-O Ng7 10. Nbd2 c5 11. c4 Nc6 12. cxd5 Qxd5 13. Bc4 Qd7 14. Ne4 O-O-O 15. Nf6 Bxf3 16. Nxd7 Bxd1 17. Nxf8 Rxd4 18. Bb5 Rxf8 19. Be3 Bc2 20. Bxc6 bxc6 21. Bxd4 cxd4 22. Rf2 d3 23. b4 Nf5 24. Rc1 Rd8 25. Rfxc2 dxc2 26. Rxc2 Kb7 27. Kf2 Rd4 28. a3 Rxf4+ 29. Ke2 Nd4+ 30. Ke3 Nxc2+ 31. Kxf4 h6 32. g4 Nxa3 33. h4 Nc2 0-1


[Site "https://www.chess.com"]

[Event "Titled Tuesday Blitz April 18 Early 2023"]
[White "Lehtosaari, Mauri"]
[Black "Tyagi, Kushan"]
[WhiteFideId "501999"]
[BlackFideId "2040069"]
[WhiteElo "2501"]
[BlackElo "2287"]
[Result "1-0"]
[Round "03"]
[TimeControl "180+2"]
[Date "2023.04.18"]
[WhiteClock "0:00:02"]
[BlackClock "0:00:04"]

1. d4 Nf6 2. Nf3 e6 3. Bg5 c5 4. e3 Nc6 5. c3 d5 6. Ne5 h6 7. Bh4 Be7 8. f4 Qb6 9. Qb3 Bd7 10. Nd2 g5 11. Bg3 Nxe5 12. fxe5 Ng4 13. Bf2 Qxb3 14. axb3 h5 15. h3 Nh6 16. Bd3 h4 17. g3 hxg3 18. Bxg3 Nf5 19. Kf2 a6 20. Rag1 Bb5 21. Bc2 Bc6 22. Nf3 Kd7 23. Ne1 Rh6 24. Kg2 Rah8 25. Bf2 Nh4+ 26. Bxh4 Rxh4 27. Nf3 R4h5 28. Bd3 Bb5 29. Bxb5+ axb5 30. Ra1 Kc6 31. Kg3 f5 32. Kg2 c4 33. bxc4 bxc4 34. Rab1 g4 35. hxg4 Rxh1 36. Rxh1 Rxh1 37. Kxh1 fxg4 38. Nh2 g3 39. Ng4 b5 40. Kg2 b4 41. Kxg3 b3 42. Nf2 Ba3 43. Nd1 Be7 44. Kg4 Kb5 45. Kh5 Ka4 46. Kg6 Ba3 47. e4 dxe4 48. d5 e3 49. Nxe3 Bxb2 50. dxe6 Ba3 51. Nxc4 Be7 52. Kf7 Kb5 53. Nb2 Ba3 54. e7 Bxe7 55. Kxe7 1-0


[Site "https://www.chess.com"]

[Event "Titled Tuesday Blitz April 18 Early 2023"]
[White "De Souza, Cristiano Gomes"]
[Black "Degenbaev, Aziz"]
[WhiteFideId "2151758"]
[BlackFideId "13802640"]
[WhiteElo "2068"]
[BlackElo "2152"]
[Result "0-1"]
[Round "03"]
[TimeControl "180+2"]
[Date "2023.04.18"]
[WhiteClock "0:01:51"]
[BlackClock "0:00:53"]

1. d3 Nf6 2. Nf3 g6 3. g3 Bg7 4. Bg2 O-O 5. Kf1 d6 6. Nbd2 e5 7. c4 c5 8. h4 h5 9. a3 Nc6 10. Rb1 a5 11. b3 Ng4 12. Nh2 Nxh2+ 13. Rxh2 Rb8 14. Ne4 Nd4 15. Nc3 Bg4 16. Bh3 Bxh3+ 17. Rxh3 Qd7 18. Kg2 b5 19. e3 b4 20. axb4 axb4 21. Nd5 Ne6 22. Bb2 Nc7 23. Qf3 f5 24. Rhh1 Nxd5 25. Qxd5+ Kh7 26. Ra1 Qb7 27. Qxb7 Rxb7 28. Ra6 Rd8 29. Rha1 Rdd7 30. Rc6 Rbc7 31. Rxc7 Rxc7 32. Ra6 Rd7 33. Kf1 Kg8 34. Ke2 Kf7 35. f3 Bf6 36. Ba1 g5 37. hxg5 Bxg5 38. f4 exf4 39. gxf4 Bf6 40. Bb2 Bxb2 0-1


[Site "https://www.chess.com"]

[Event "Titled Tuesday Blitz April 18 Early 2023"]
[White "Petukhov, Dmitry"]
[Black "Smietanska, Wiktoria"]
[WhiteFideId "4142748"]
[BlackFideId "21869359"]
[WhiteElo "2311"]
[BlackElo "1995"]
[Result "0-1"]
[Round "03"]
[TimeControl "180+2"]
[Date "2023.04.18"]
[WhiteClock "0:01:36"]
[BlackClock "0:00:55"]

1. e4 c5 2. c3 Nf6 3. e5 Nd5 4. d4 cxd4 5. Nf3 Nc6 6. Bc4 Nb6 7. Bb3 e6 8. cxd4 d6 9. Nc3 dxe5 10. dxe5 Qxd1+ 11. Nxd1 Bb4+ 12. Bd2 Bxd2+ 13. Kxd2 O-O 14. Nc3 Rd8+ 15. Ke3 Nd7 16. Kf4 b6 17. Nb5 Nc5 18. Rhd1 Bb7 19. Nd6 Ba6 20. Nd4 Nxe5 21. Kxe5 f6+ 22. Kf4 Rxd6 23. Nxe6 Nxe6+ 24. Kf5 Bd3+ 25. Kg4 Be2+ 26. Kh4 Bxd1 0-1


[Site "https://www.chess.com"]

[Event "Titled Tuesday Blitz April 18 Early 2023"]
[White "Vafin, Ayrat"]
[Black "babbilator"]
[WhiteFideId "4146530"]
[WhiteElo "2317"]
[BlackElo "2252"]
[Result "0-1"]
[Round "03"]
[TimeControl "180+2"]
[Date "2023.04.18"]
[WhiteClock "0:00:15"]
[BlackClock "0:00:05"]

1. d4 Nf6 2. Nf3 e6 3. Bg5 c5 4. e3 b6 5. Bd3 Bb7 6. Nbd2 Be7 7. c3 cxd4 8. exd4 d6 9. O-O O-O 10. Qe2 Nbd7 11. a4 a6 12. Rfe1 Qc7 13. Rad1 Rfe8 14. h4 Qc6 15. a5 b5 16. Bb1 Qc7 17. Nb3 Bd5 18. Bc2 Nf8 19. Bxf6 Bxf6 20. Nfd2 Bxh4 21. Be4 Bxe4 22. Qxe4 Bf6 23. Nf3 g6 24. g4 Bg7 25. Kg2 f5 26. gxf5 gxf5 27. Qh4 Ng6 28. Qh2 e5 29. d5 Bf6 30. Rg1 Re7 31. Kh1 Rg7 32. Ng5 Bxg5 33. Rxg5 Qc4 34. Nc1 Qe4+ 35. Kg1 Raa7 36. Kf1 Nf4 37. Qh4 Rxg5 38. Qxg5+ Rg7 39. Qd8+ Kf7 40. Qd7+ Kg6 41. Qe8+ Kh6 42. Qe6+ Nxe6 43. dxe6 Re7 44. Ne2 Rxe6 45. Ng3 Qc4+ 46. Kg2 Kg6 47. Rh1 Qd5+ 48. Kg1 f4 49. Ne2 Qf3 50. Nc1 Kg7 51. Kf1 Rg6 52. Rg1 Qd1# 0-1


[Site "https://www.chess.com"]

[Event "Titled Tuesday Blitz April 18 Early 2023"]
[White "Wisniacki, Flavio"]
[Black "Kalajzic, Ivan"]
[WhiteFideId "119229"]
[BlackFideId "14506378"]
[WhiteElo "2150"]
[BlackElo "2203"]
[Result "0-1"]
[Round "03"]
[TimeControl "180+2"]
[Date "2023.04.18"]
[WhiteClock "0:00:07"]
[BlackClock "0:00:51"]

1. Nf3 Nc6 2. c4 e5 3. Nc3 Bb4 4. Qc2 d6 5. e3 Nge7 6. Be2 Bf5 7. d3 O-O 8. O-O Bxc3 9. Qxc3 d5 10. cxd5 Nxd5 11. Qb3 Nb6 12. a3 e4 13. dxe4 Bxe4 14. Rd1 Qf6 15. Bd2 Qg6 16. Bc3 Bc2 17. Qb5 Bxd1 18. Rxd1 Rfd8 19. Rc1 a6 20. Qb3 Qe6 21. Qxe6 fxe6 22. Ne5 Nxe5 23. Bxe5 Rd7 24. Rxc7 Rxc7 25. Bxc7 Nd5 26. Be5 Rc8 27. e4 Rc1+ 28. Bf1 Nb6 29. Bc3 Na4 30. Be5 Rb1 31. b4 Nb2 32. g3 Nc4 33. Bf4 Nxa3 34. Kg2 Rxb4 35. Bd6 Ra4 36. Be2 Nb5 37. Bc5 Rxe4 38. Bf3 Rc4 39. Bb6 Nd6 40. Bd8 Kf7 41. Bg5 a5 42. Bf4 Ke7 43. Bg5+ Kd7 44. Bd2 a4 0-1


[Site "https://www.chess.com"]

[Event "Titled Tuesday Blitz April 18 Early 2023"]
[White "Kohler, Aran"]
[Black "Erzhanov, Arman"]
[WhiteFideId "1002856"]
[BlackFideId "4138821"]
[WhiteElo "2245"]
[BlackElo "2138"]
[Result "1/2-1/2"]
[Round "03"]
[TimeControl "180+2"]
[Date "2023.04.18"]
[WhiteClock "0:00:11"]
[BlackClock "0:00:11"]

1. d4 d6 2. Nf3 g6 3. Bg5 Bg7 4. c3 h6 5. Bh4 Nf6 6. Nbd2 O-O 7. e3 c6 8. Bd3 Nbd7 9. Qb3 e5 10. Bxg6 exd4 11. cxd4 d5 12. Bb1 Re8 13. O-O Nf8 14. Ne5 N8d7 15. f4 Qb6 16. Qc2 Nf8 17. h3 Be6 18. a3 a5 19. a4 Rac8 20. Nb3 Ne4 21. Nc5 Nxc5 22. dxc5 Qc7 23. Nf3 f5 24. Nd4 Ng6 25. Bf2 Bxd4 26. exd4 Qxf4 27. Ra3 Rf8 28. Rf3 Qg5 29. Be3 Qh5 30. Bf4 Rf7 31. Qf2 Nxf4 32. Rxf4 Rcf8 33. Kh2 Kh8 34. Qe3 Bc8 35. R1f3 Qg5 36. Qe1 Re7 37. Qxa5 Re2 38. Rf2 Rxf2 39. Rxf2 Qe3 40. Qd2 Qxd2 41. Rxd2 Re8 42. b4 Kg7 43. Rf2 Re3 44. Bxf5 Bxf5 45. Rxf5 Ra3 46. b5 Rxa4 47. bxc6 bxc6 48. Re5 Rxd4 49. Re6 Rc4 50. Rxc6 d4 51. Kg3 d3 52. Kf3 Rc2 53. Ke3 Rxg2 54. Kxd3 Rg3+ 55. Ke4 Rxh3 56. Kf5 Rf3+ 57. Kg4 Rc3 58. Rc7+ Kg6 59. Rc6+ Kg7 60. Kh5 Rc1 61. Rc7+ Kf6 62. Rc6+ Ke5 63. Kxh6 Kd5 64. Rc8 Rxc5 65. Rxc5+ Kxc5 1/2-1/2


[Site "https://www.chess.com"]

[Event "Titled Tuesday Blitz April 18 Early 2023"]
[White "Mouhamad, Joachim"]
[Black "Inepton_Fermion"]
[WhiteFideId "656410"]
[WhiteElo "2125"]
[BlackElo "2243"]
[Result "1/2-1/2"]
[Round "03"]
[TimeControl "180+2"]
[Date "2023.04.18"]
[WhiteClock "0:00:07"]
[BlackClock "0:00:19"]

1. e4 g6 2. d4 Bg7 3. Nc3 d5 4. exd5 Nf6 5. Bc4 c6 6. dxc6 Nxc6 7. d5 Ne5 8. Bb5+ Bd7 9. Be2 O-O 10. Nf3 Nxf3+ 11. Bxf3 Rc8 12. O-O Qb6 13. Re1 Rfe8 14. Ne4 Bf5 15. c3 Nxe4 16. Bxe4 Bxe4 17. Rxe4 Rcd8 18. c4 e6 19. Be3 Qxb2 20. Rb1 Qxa2 21. Rxb7 exd5 22. Rxe8+ Rxe8 23. cxd5 Rd8 24. Rxa7 Qxd5 25. Qxd5 Rxd5 26. g3 Rd8 27. Kg2 h5 28. h4 Bf6 29. Kf3 Kg7 30. Rb7 Rc8 31. Ke2 Rc2+ 32. Kf1 Ra2 33. Kg2 Ra4 34. Rb6 Ra3 35. Bc5 Rc3 36. Bb4 Rc2 37. Kf3 Rxf2+ 38. Kxf2 Bd4+ 39. Kf3 Bxb6 40. Bc3+ f6 41. Bb2 Kf7 42. Bc3 Ke6 43. Bd2 Kf5 44. Be1 Bc7 45. Bc3 Be5 46. Bd2 g5 47. hxg5 fxg5 48. Bc1 g4+ 49. Kg2 Ke4 50. Bg5 Kd3 51. Bd8 Ke2 52. Be7 Kd3 53. Bd8 Ke4 54. Be7 Kf5 55. Bd8 Bf6 56. Bc7 Ke4 57. Bb8 Kd3 58. Bc7 Ke3 59. Bb8 Ke4 60. Bc7 Bg5 61. Bb8 Bf6 62. Bc7 Bd4 63. Bb8 Be5 64. Ba7 Kf5 65. Bb6 Bf6 66. Bc7 Kg5 67. Bf4+ Kf5 68. Bb8 Bd4 69. Bc7 Ba7 70. Bd6 Bb6 71. Bb8 Bd8 72. Bd6 Bb6 73. Bb8 Be3 74. Bd6 Bg5 75. Bb8 h4 76. gxh4 Bxh4 77. Bc7 Bg5 78. Bb8 Bf4 79. Bxf4 Kxf4 80. Kf2 g3+ 81. Kg2 Kg4 82. Kg1 Kf3 83. Kf1 Kf4 84. Kg2 Kg4 85. Kg1 Kh4 86. Kg2 Kg4 1/2-1/2


[Site "https://www.chess.com"]